 Dungeon Crawl Stone Soup version 0.22-a0-480-g991dd4b (webtiles) character file.

70 Mgcat the Cudgeler (level 4, 0/26 HPs)
             Began as a Gargoyle Gladiator on June 15, 2018.
             Slain by Natasha (3 damage)
             ... on level 2 of the Dungeon.
             The game lasted 00:03:45 (1113 turns).

Mgcat the Cudgeler (Gargoyle Gladiator)             Turns: 1113, Time: 00:03:46

Health: 0/26       AC: 14    Str: 19    XL:     4   Next: 22%
Magic:  4/4        EV: 16    Int:  8    God:
Gold:   78         SH:  3    Dex: 11    Spells: 3/3 levels left

rFire    . . .     SeeInvis .   a - +1 flail
rCold    . . .     Gourm    .   v - +0 buckler
rNeg     + . .     Faith    .   b - +0 leather armour
rPois    ∞         Spirit   .   c - +0 helmet
rElec    +         Reflect  .   (no cloak)
rCorr    .         Harm     .   r - +1 pair of gloves
MR       .....     Rnd*Rage +   h - +2 pair of boots {Fly}
Stlth    +.........             (no amulet)
HPRegen  0.08/turn              o - +5 ring of evasion
MPRegen  0.09/turn              (no ring)

@: flying, slowed, very slow
A: molten scales 1, berserk 1, negative energy resistance 1, electricity
resistance, unbreathing, petrification resistance, rot immunity, subdued magic
1, AC +3
a: Stop Flying


You were on level 2 of the Dungeon.
You were not hungry.

You visited 1 branch of the dungeon, and saw 2 of its levels.

You collected 78 gold pieces.

Inventory:

Hand Weapons
 a - a +1 flail (weapon)
Missiles
 d - 4 throwing nets {=f, !d}
Armour
 b - a +0 leather armour (worn)
 c - a +0 helmet (worn)
 h - a +2 pair of boots of flying (worn)
   (You found it on level 1 of the Dungeon)
 r - a +1 pair of gloves (worn)
   (You found it on level 2 of the Dungeon)
 v - a +0 buckler (worn)
   (You found it on level 2 of the Dungeon)
Jewellery
 o - a +5 ring of evasion (left hand)
   (You found it on level 1 of the Dungeon)
Scrolls
 g - 3 scrolls of teleportation {unknown}
 i - 2 scrolls of identify {unknown}
 l - 2 scrolls of remove curse {unknown}
 t - a scroll of enchant armour {unknown}
Comestibles
 f - a ration
 j - 2 chunks of flesh {@w0}


   Skills:
 - Level 2.1 Fighting
 + Level 4.9 Maces & Flails
 - Level 1.7 Throwing
 - Level 2.4 Dodging


You had 3 spell levels left.
You didn't know any spells.
Your spell library was empty.

Dungeon Overview and Level Annotations

Branches:
Dungeon (2/15)

Altars:
Cheibriados

Annotations:
D:2 Natasha


Innate Abilities, Weirdness & Mutations

You are resistant to torment.
Your stone body is resilient. (AC +3)
You are immune to poison.
You resist negative energy. (rN+)
You are resistant to electric shocks. (rElec)
You can survive without breathing.
You are immune to petrification.
You are immune to rotting.
You are partially covered in molten scales. (AC +2)
You tend to lose your temper in combat.
Your spells are a little easier to cast, but a little less powerful.


Message History

It was a potion of brilliance.
You feel clever all of a sudden.
The crimson imp shouts, "Decamp, thou mangled knotty-pated beggar!"
Natasha wildly gestures.
Natasha's front paws start to glow.
Natasha barely misses you.
It was a potion of magic.
Magic courses through your body.
The crimson imp disappears in a puff of smoke!
The crimson imp blinks!
Natasha barely misses you.
It was a potion of agility.
You feel agile all of a sudden. You block Natasha's attack.
You bludgeon Natasha!!
You kill Natasha!
Natasha yowls pathetically as she dies!
The crimson imp disappears in a puff of smoke!
You have reached level 4!
You feel stronger.
You completely miss the kobold. The kobold completely misses you.
You completely miss the kobold. The kobold closely misses you.
You are feeling hungry.
You sock the kobold!
You kill the kobold!
You start resting.
Eating one of 3 chunks of flesh {@w0}.
You eat one of the 3 chunks of flesh {@w0}.
This raw flesh tastes terrible.
You feel a little less mighty now.
You start resting.
You feel a little less agile now.
Natasha, Servant of Life and Death comes into view.
Natasha is nearby!
Natasha hisses angrily.
Natasha casts a spell.
You aren't carrying any potions.
Unknown command.
As you read the scroll labeled OXOBUS ZOFOAF, it crumbles to dust.
You hear a loud clanging noise!
It was a scroll of noise.
You hear an angry hiss.
You hear a bark!
As you read the scroll labeled HEMNIL MIPNOU, it crumbles to dust.
It is a scroll of amnesia.
You feel forgetful for a moment.
As you read the scroll labeled IRGHIPHU ITU, it crumbles to dust.
The creatures around you are filled with an inner flame!
It was a scroll of immolation.
The crimson imp blinks!
As you read the scroll labeled HEILLO GERE, it crumbles to dust.
It is a scroll of enchant weapon.
Your +0 flail glows red for a moment.
Natasha casts a spell at you. The magic dart hits you!
Natasha stares at you and mumbles some strange words.
The magic dart hits you!
An adder comes into view.
Natasha mumbles some strange words.
Things that are here:
a kobold corpse; an adder corpse The jackal completely misses you.
You feel a little less clever now.
The jackal bites you but does no damage.
You hit the jackal.
You kill the jackal!
Natasha completely misses you.
Natasha mewls in sadness.
Natasha stares at you and mumbles some strange words.
You resist with some effort.
The white imp disappears in a puff of smoke!
Natasha casts a spell at you.
You feel yourself slow down.
Natasha stares at you and mumbles some strange words.
You feel as though you will be slow longer.
Natasha claws you but does no damage. Natasha casts a spell at you.
You feel as though you will be slow longer.
Natasha howls an incantation.
Natasha glows brightly for a moment.
Natasha mewls in sadness.
There is a stone staircase leading up here.
You hit Natasha but do no damage.
Natasha stares at you and mumbles some strange words.
The magic dart hits you! Natasha misses you.
You hit Natasha but do no damage.
Natasha casts a spell.
Natasha claws you.
* * * LOW HITPOINT WARNING * * *
You barely miss Natasha. Natasha barely misses you. Natasha closely misses you.
You hit Natasha but do no damage. Natasha closely misses you.
The white imp hits you but does no damage.
You barely miss Natasha. Natasha claws you.
* * * LOW HITPOINT WARNING * * *
The white imp hits you but does no damage.
Natasha claws you but does no damage. The white imp barely misses you.
You hit Natasha.
Natasha is heavily wounded.
Natasha misses you.
The white imp hits you but does no damage.
Natasha claws you but does no damage. The white imp barely misses you.
You closely miss Natasha.
Natasha is heavily wounded.
Natasha claws you.
You die...

#..........####...#.###
############ #...#...#
###...###.# #.....# #.#
#.#..## #.# #.#..# #.#
#.#..# #.# ######.#.## #.#
#..@.....#####.##
#.5h.......##...#
#..........##.#.#
#..........##...#
#####..........###.## ###
#...[....[......##.# #..
..##............##.# # #.#
#............##.# ##
#.########............##.#


You could see Natasha and a white imp.

Vanquished Creatures
  Natasha (D:2)
  2 adders (D:2)
  A dart slug (D:1)
  2 leopard geckos (D:1)
  3 bats
  A goblin (D:1)
  2 hobgoblins (D:2)
  3 jackals (D:2)
  5 kobolds
  A ball python (D:1)
  A frilled lizard (D:2)
  2 rats (D:1)
24 creatures vanquished.

Notes
Turn   | Place    | Note
-------+----------+-------------------------------------------
     0 | D:1      | Mgcat the Gargoyle Gladiator began the quest for the Orb.
     0 | D:1      | Reached XP level 1. HP: 12/12 MP: 1/1
   325 | D:1      | Reached XP level 2. HP: 17/17 MP: 2/2
   729 | D:2      | Found a snail-covered altar of Cheibriados.
   780 | D:2      | Reached skill level 4 in Maces & Flails
   780 | D:2      | Reached XP level 3. HP: 21/21 MP: 3/3
   994 | D:2      | Noticed Natasha
  1017 | D:2      | HP: 3/21 [Natasha (3)]
  1020 | D:2      | Gained mutation: You tend to lose your temper in combat. [potion of mutation]
  1020 | D:2      | Gained mutation: Your spells are a little easier to cast, but a little less powerful. [potion of mutation]
  1020 | D:2      | Gained mutation: You are partially covered in molten scales. (AC +2) [potion of mutation]
  1024 | D:2      | Killed Natasha
  1024 | D:2      | Reached XP level 4. HP: 4/26 MP: 4/4
  1069 | D:2      | Noticed Natasha
  1108 | D:2      | HP: 5/26 [Natasha (6)]
  1113 | D:2      | Slain by Natasha

Vault maps used:
D:1:      evilmike_arrival_home_sweet_home, hangedman_decor_clover_reticule,
          st_stairs_10
D:2:      cheibriados_altar_1, st_stairs_3, uniq_natasha

Skill      XL: |  1  2 |
---------------+-------+-----
Maces & Flails | 4 |  4.9
Fighting       | |  2.1
Throwing       | |  1.7
Dodging        | |  2.4

Action                   |  1- 3 |  4- 6 || total
-------------------------+-------+-------++-------
Melee: Flail             |    85 |    11 ||    96
  Use: Potion            |     5 |       ||     5
       Scroll            |       |     4 ||     4
  Eat: Chunk             |       |     1 ||     1
Armor: Leather armour    |    44 |     9 ||    53
Dodge: Dodged            |    91 |    11 ||   102
Block: Buckler           |     4 |       ||     4

Table legend:
 A = Spawn XP
 B = Non-spawn XP
 C = Spawn XP percentage of total XP
 D = Spawn monster count
 E = Non-spawn monster count
 F = Spawn count percentage of total count
 G = Total turns spent on level
                    A         B        C        D         E        F      G
               +---------+---------+-------+---------+---------+-------+---------
         Total |       0 |     101 |   0.0 |       0 |      24 |   0.0 |  1113
               +---------+---------+-------+---------+---------+-------+---------
           D:1 |       0 |      19 |   0.0 |       0 |       9 |   0.0 |   672
           D:2 |       0 |      82 |   0.0 |       0 |      15 |   0.0 |   441
               +---------+---------+-------+---------+---------+-------+---------

Vault maps used:
D:1:      evilmike_arrival_home_sweet_home, hangedman_decor_clover_reticule,
          st_stairs_10
D:2:      cheibriados_altar_1, st_stairs_3, uniq_natasha

Table legend:
 A = Turns spent in this place as a percentage of turns spent in the entire game.
 B = Non-inter-level travel turns spent in this place as a percentage of non-inter-level travel turns spent in the entire game.
 C = Inter-level travel turns spent in this place as a percentage of turns spent in this place.
 D = Turns resting spent in this place as a percentage of non-inter-level travel turns spent in this place.
 E = Turns spent auto-exploring this place as a percentage of non-inter-level travel turns spent in this place.
 F = Non-inter-level travel turns spent in this place divided by the number of levels of this place that you've seen.
                   A       B       C       D       E      F
               +-------+-------+-------+-------+-------+----------------------
         Total | 100.0 | 100.0 |   2.1 |   3.9 |  72.8 | 545.0
       Dungeon | 100.0 | 100.0 |   2.1 |   3.9 |  72.8 | 545.0
               +-------+-------+-------+-------+-------+----------------------

Table legend:
 A = Kills in this place as a percentage of kills in entire the game.
 B = Kills by you in this place as a percentage of kills by you in the entire game.
 C = Kills by friends in this place as a percentage of kills by friends in the entire game.
 D = Other kills in this place as a percentage of other kills in the entire game.
 E = Experience gained in this place as a percentage of experience gained in the entire game.
 F = Experience gained in this place divided by the number of levels of this place that you have seen.
                   A       B       C       D       E      F
               +-------+-------+-------+-------+-------+----------------------
         Total | 100.0 | 100.0 |   N/A |   N/A | 100.0 |  50.5
       Dungeon | 100.0 | 100.0 |   N/A |   N/A | 100.0 |  50.5
               +-------+-------+-------+-------+-------+----------------------
